[Event "Team 45 45 League T34"]
[Site "Internet Chess Club"]
[Date "2007.08.26"]
[Round "6"]
[White "Ernie1"]
[Black "Izeelden"]
[Result "0-1"]
[WhiteElo "1670"]
[BlackElo "1753"]
[Opening "Saragossa opening"]
[ECO "A00"]
[Time "13:04:45"]
[TimeControl "2700+45"]

1. c3 d5 2. d4 Nf6 3. Nf3 Bf5 4. Bf4 e6 5. e3 Nbd7 6. Bd3 Bxd3 7. Qxd3 Ne4 8.
Nbd2 f5 9. Ne5 Bd6 10. Nxe4 dxe4 11. Qe2 O-O 12. O-O-O Bxe5 13. dxe5 Qe7 14. h4
Nc5 15. Bg5 Qf7 16. Rdf1 Nd3+ 17. Kb1 Qd7 18. h5 h6 19. Bf4 a5 20. g4 Qb5 21. g5
Ra6 22. gxh6 Rb6 23. b3 a4 24. Rfg1 axb3 25. Rxg7+ Kh8 26. a3 Ra8 27. Rhg1 Rba6
28. f3 Rxa3 29. Rg8+ Rxg8 30. Rxg8+ Kxg8 31. Qg2+ Kf8 32. Qg7+ Ke8 33. Qg6+ Kd7
34. Qf7+ Kc6 35. Qxe6+ Kc5 36. Qe7+ Kc4 37. Qxa3 Kxc3 38. Qa1+ Kb4 39. h7 b2 40.
Qxb2+ Nxb2 41. Kxb2 Ka4+ 42. Kc3 Qd3+ 43. Kb2 Qd2+ 44. Ka1 Kb3 {White resigns}
0-1

[Event "Team 45 45 League T34"]
[Site "Internet Chess Club"]
[Date "2007.08.23"]
[Round "6"]
[White "NESKAYA"]
[Black "Warpdrive"]
[Result "1/2-1/2"]
[WhiteElo "1655"]
[BlackElo "1624"]
[Opening "Caro-Kann: exchange variation"]
[ECO "B13"]
[Time "20:02:05"]
[TimeControl "2700+45"]

1. e4 c6 2. d4 d5 3. exd5 cxd5 4. Bb5+ Bd7 5. Bxd7+ Qxd7 6. Ne2 e6 7. O-O Nf6 8.
Bf4 Bd6 9. Bxd6 Qxd6 10. h3 Nc6 11. c3 b5 12. Nd2 O-O 13. f4 b4 14. a3 bxc3 15.
bxc3 Rab8 16. Nf3 Ne4 17. Ne5 Nxe5 18. fxe5 Qd7 19. Rb1 Rb7 20. Qd3 Rfb8 21.
Rxb7 Qxb7 22. Ng3 Nxg3 23. Qxg3 Qb3 24. Qf3 Rb7 25. Rc1 Qxa3 26. Qd1 h6 27. Ra1
Qb2 28. Qc1 Qxc1+ 29. Rxc1 Rc7 30. Kf2 a5 31. Ke3 Kf8 32. Kd3 Rc4 33. Ra1 a4 34.
g4 g5 35. Kc2 Ke7 36. Kb2 f5 37. exf6+ Kxf6 38. Rf1+ Kg6 39. Re1 Kf6 40. Rf1+
Ke7 41. h4 gxh4 42. Rh1 Kf6 43. Rxh4 Kg5 44. Rh5+ Kxg4 45. Rxh6 Kf5 46. Rh5+ Kf6
47. Re5 a3+ 48. Kb3 a2 49. Re1 a1=Q 50. Rxa1 Rc6 51. Rf1+ Ke7 52. Kc2 Rc4 53.
Kd3 Ke8 54. Re1 Ke7 {Game drawn by mutual agreement} 1/2-1/2

[Event "Team 45 45 League T34"]
[Site "Internet Chess Club"]
[Date "2007.08.26"]
[Round "6"]
[White "ADIOKiddo4Ever"]
[Black "MarcoDeSade"]
[Result "1-0"]
[WhiteElo "1436"]
[BlackElo "1515"]
[Opening "French: advance, Euwe variation"]
[ECO "C02"]
[Time "09:19:18"]
[TimeControl "2700+45"]

1. e4 e6 2. d4 d5 3. e5 c5 4. c3 Nc6 5. Nf3 Bd7 6. Be2 Qb6 7. dxc5 Bxc5 8. O-O
Be7 9. c4 dxc4 10. Nbd2 c3 11. Nc4 Qc7 12. bxc3 b5 13. Nd6+ Bxd6 14. exd6 Qb6
15. Rb1 Nf6 16. Rxb5 Qd8 17. c4 a6 18. Rb7 Bc8 19. Rc7 Bd7 20. Nd4 Nxd4 21. Qxd4
O-O 22. Bg5 Rc8 23. Bxf6 Rxc7 {Black resigns} 1-0

[Event "Team 45 45 League T34"]
[Site "Internet Chess Club"]
[Date "2007.08.26"]
[Round "6"]
[White "AVEMARIA"]
[Black "cityprosecutor"]
[Result "1-0"]
[WhiteElo "1817"]
[BlackElo "1856"]
[Opening "Sicilian: Alapin's variation (2.c3)"]
[ECO "B22"]
[Time "10:03:06"]
[TimeControl "2700+45"]

1. e4 c5 2. c3 d5 3. exd5 Qxd5 4. d4 Nc6 5. Nf3 Bg4 6. dxc5 Qxc5 7. Na3 Rd8 8.
Qb3 e5 9. Be3 Qe7 10. Be2 e4 11. Nd4 Nxd4 12. Bxd4 Bxe2 13. Kxe2 a6 14. Rad1 Qd7
15. Rhe1 Be7 16. Kf1 Qg4 17. Qxb7 Nf6 18. Bxf6 gxf6 19. Rxd8+ Kxd8 20. Qd5+ Qd7
21. Qxd7+ Kxd7 22. Rxe4 Bxa3 23. bxa3 Rb8 24. Rb4 Rc8 25. Rb7+ Ke6 26. Rb6+ Ke5
27. Rxa6 Rxc3 28. g3 Rc2 29. Kg2 Rxa2 30. Ra4 f5 31. Kf3 h5 32. h4 f6 33. Ke3
Kd5 34. Rd4+ Ke5 35. Rd3 Ke6 36. f3 Ke5 37. Rb3 Ra1 38. f4+ Kd5 39. Kd3 Rg1 40.
Rb5+ Ke6 41. Kc4 Rxg3 42. Rb6+ Ke7 43. Rb3 Rg4 44. Rf3 Rxh4 45. a4 Rh1 46. a5
Ra1 47. Kb5 Rb1+ 48. Kc6 Ra1 49. Kb6 Rb1+ 50. Ka7 Kd7 51. Rh3 Rb4 52. Rxh5 Rxf4
53. a6 Ra4 54. Rxf5 Ke6 55. Rb5 f5 56. Kb7 f4 57. a7 f3 58. Rb2 f2 59. Rxf2 Rb4+
60. Kc6 Ra4 61. Re2+ Kf7 62. Kb6 Rb4+ 63. Ka5 Rb1 64. Ra2 {Black resigns} 1-0

[Event "Team 45 45 League T34"]
[Site "Internet Chess Club"]
[Date "2007.08.25"]
[Round "6"]
[White "Russ"]
[Black "Duguesclin"]
[Result "0-1"]
[WhiteElo "1250"]
[BlackElo "1704"]
[Opening "Nimzovich-Larsen attack: Indian variation"]
[ECO "A01"]
[Time "10:00:41"]
[TimeControl "2700+45"]

1. b3 Nf6 2. Bb2 e6 3. e3 Be7 4. f4 O-O 5. Nf3 b6 6. Bd3 h6 7. O-O d5 8. c4 c5
9. Qc2 Bb7 10. Bxf6 Bxf6 11. Nc3 Nc6 12. a3 d4 13. exd4 Nxd4 14. Nxd4 Bxd4+ 15.
Kh1 f5 16. Rad1 Qh4 17. Ne2 Qh3 {White resigns} 0-1

[Event "Team 45 45 League T34"]
[Site "Internet Chess Club"]
[Date "2007.08.26"]
[Round "6"]
[White "Terte"]
[Black "backfire"]
[Result "0-1"]
[WhiteElo "2036"]
[BlackElo "1889"]
[Opening "Sicilian: Alapin's variation (2.c3)"]
[ECO "B22"]
[Time "14:16:38"]
[TimeControl "2700+45"]

1. e4 c5 2. c3 Nf6 3. e5 Nd5 4. Nf3 e6 5. Bc4 d6 6. d4 cxd4 7. cxd4 Nc6 8. O-O
Be7 9. Re1 O-O 10. Nc3 dxe5 11. Bxd5 exd5 12. dxe5 Be6 13. Nb5 Qa5 14. Nbd4 Bg4
15. Bd2 Qb6 16. Bc3 Bc5 17. Qd2 Bxf3 18. Nxf3 d4 19. Qd3 dxc3 20. Ng5 Bxf2+ 21.
Kh1 g6 22. Qh3 h5 23. e6 cxb2 24. exf7+ Kg7 25. Ne6+ Kxf7 26. Ng5+ Kg7 27. Ne6+
Kh6 28. Qc3 bxa1=Q 29. Rxa1 Bd4 30. Qd2+ Be3 31. Qc3 Rf7 32. Re1 Re8 33. h4 Ne5
34. Ng5 Bxg5 35. hxg5+ Kxg5 36. Rxe5+ Rxe5 37. Qxe5+ Kh6 38. Qh8+ Kg5 39. Qe5+
Rf5 40. Qe7+ Rf6 41. Qe5+ Kh6 42. g4 Qb1+ 43. Kg2 Qf1+ 44. Kg3 Rf3+ 45. Kh4 Qh3#
{White checkmated} 0-1

[Event "Team 45 45 League T34"]
[Site "Internet Chess Club"]
[Date "2007.08.29"]
[Round "6"]
[White "NoiselessBear"]
[Black "andreip"]
[Result "1/2-1/2"]
[WhiteElo "1869"]
[BlackElo "1971"]
[Opening "Queen's pawn game"]
[ECO "D02"]
[Time "14:09:04"]
[TimeControl "2700+45"]

1. d4 d5 2. Nf3 g6 3. Bf4 Bg7 4. c3 Nf6 5. e3 O-O 6. Bd3 b6 7. Ne5 Bb7 8. Nd2
Nbd7 9. Ndf3 e6 10. g4 Nxe5 11. Nxe5 Nd7 12. Nxd7 Qxd7 13. h4 Rae8 14. Qf3 e5
15. dxe5 Bxe5 16. O-O-O Bxf4 17. Qxf4 c5 18. f3 Qe6 19. Rhe1 Qe5 {Game drawn by
mutual agreement} 1/2-1/2

[Event "Team 45 45 League T34"]
[Site "Internet Chess Club"]
[Date "2007.08.26"]
[Round "6"]
[White "Victorianum"]
[Black "burnsja2003"]
[Result "1/2-1/2"]
[WhiteElo "1645"]
[BlackElo "1663"]
[Opening "Sicilian: Alapin's variation (2.c3)"]
[ECO "B22"]
[Time "11:26:04"]
[TimeControl "2700+45"]

1. e4 c5 2. c3 d5 3. exd5 Qxd5 4. d4 e6 5. Nf3 Nf6 6. Be2 Be7 7. O-O O-O 8. h3
b6 9. Ne5 Ba6 10. Bf3 Qd6 11. Bxa8 Bxf1 12. Kxf1 Nbd7 13. Nxd7 Rxa8 14. Nxf6+
Bxf6 15. Qf3 Rd8 16. Bf4 Qd7 17. Na3 cxd4 18. cxd4 Qxd4 19. Rb1 Be7 20. Qe3 Qa4
21. Kg1 Bc5 22. Qf3 b5 23. Qg3 b4 24. Be5 Bf8 25. Bc7 Rd7 26. Rc1 bxa3 27. b3
Qd4 28. Be5 Qd2 29. Rc8 Rd8 30. Rxd8 Qxd8 31. Qe3 Qb6 32. Bd4 Qd6 33. f4 a6 34.
Kh2 Qc6 35. Qd3 Qb5 36. Qd2 h6 37. Kg3 Qf5 38. Be3 Qb1 39. Bd4 Qe4 40. Be3 Be7
41. Bd4 Qf5 42. Qe2 Bf6 43. Bxf6 Qxf6 44. Qxa6 Qb2 45. Qa8+ Kh7 46. Qe4+ g6 47.
Qb7 Kg7 48. h4 h5 49. f5 exf5 50. Qe7 Qxa2 51. Qe5+ Kh7 52. Qd5 Kg8 53. Qd8+ Kg7
54. Qd4+ f6 55. Qd7+ Kf8 56. Qd8+ Kg7 57. Qe7+ Kh6 58. Qf8+ Kh7 {Game drawn by
mutual agreement} 1/2-1/2

[Event "Team 45 45 League T34"]
[Site "Internet Chess Club"]
[Date "2007.08.25"]
[Round "6"]
[White "RingLord"]
[Black "gugamircea"]
[Result "1/2-1/2"]
[WhiteElo "1529"]
[BlackElo "1547"]
[Opening "Sicilian defense"]
[ECO "B30"]
[Time "06:32:52"]
[TimeControl "2700+45"]

1. e4 c5 2. Nf3 Nc6 3. Bd3 e6 4. c3 Nf6 5. Bc2 Be7 6. d3 O-O 7. Be3 d5 8. e5 Nd7
9. d4 cxd4 10. cxd4 b6 11. h4 h6 12. Qd3 f5 13. exf6 Nxf6 14. Qg6 Qe8 15. Qg3
Nh5 16. Qh2 Nb4 17. Na3 Ba6 18. Ne5 Nxc2+ 19. Nxc2 Qb5 20. O-O-O Rac8 21. Kb1
Rc7 22. g4 Rfc8 23. Rc1 Nf6 24. f3 Qe2 25. g5 Rxc2 26. Qxe2 Rxe2 27. Rxc8+ Bxc8
28. gxf6 Bxf6 29. Bf4 Bxe5 30. Bxe5 Rg2 31. Rc1 Ba6 32. a3 Rf2 33. Rc3 Rg2 {Game
drawn by mutual agreement} 1/2-1/2

[Event "Team 45 45 League T34"]
[Site "Internet Chess Club"]
[Date "2007.08.28"]
[Round "6"]
[White "Changuito-77"]
[Black "kabindra"]
[Result "1/2-1/2"]
[WhiteElo "1807"]
[BlackElo "1777"]
[Opening "Queen's pawn game"]
[ECO "D04"]
[Time "15:00:40"]
[TimeControl "2700+45"]

1. Nf3 Nf6 2. d4 d5 3. e3 c6 4. Nbd2 Bf5 5. b3 e6 6. Bb2 Bd6 7. Be2 Nbd7 8. Ne5
Qc7 9. f4 Bxe5 10. fxe5 Ne4 11. O-O Qd8 12. Nxe4 Bxe4 13. Bd3 Qg5 14. Qe2 Bg6
15. Qf3 O-O-O 16. a4 f6 17. Qf4 Qxf4 18. exf4 Bxd3 19. cxd3 Nb8 20. Ba3 Na6 21.
exf6 gxf6 22. Be7 Rde8 23. Bxf6 Rhg8 24. Rfc1 Nb4 25. Rc3 Rg4 26. Bg5 Rg8 27. h3
Rg3 28. Rd1 h6 29. Kf2 Rxd3 30. Rcxd3 Nxd3+ 31. Rxd3 hxg5 32. fxg5 Rxg5 33. g4
Kd7 34. Kg3 e5 35. dxe5 Rxe5 36. Rf3 d4 37. Kf4 Re8 38. g5 Kd6 39. h4 Rh8 40.
Kg4 Ke5 41. h5 Ke4 42. g6 Rg8 43. Rf1 Ke3 44. Kg5 Ke2 45. Rh1 d3 46. h6 Rd8 47.
h7 d2 48. h8=Q Rxh8 49. Rxh8 d1=Q 50. g7 Qd2+ 51. Kg6 Qd3+ 52. Kg5 Qd5+ 53. Kg6
Qe6+ 54. Kg5 Qe5+ 55. Kg6 Qg3+ 56. Kh6 {Game drawn by mutual agreement} 1/2-1/2

[Event "Team 45 45 League T34"]
[Site "Internet Chess Club"]
[Date "2007.08.25"]
[Round "6"]
[White "powerchess1"]
[Black "pishd"]
[Result "0-1"]
[WhiteElo "1697"]
[BlackElo "1770"]
[Opening "Queen's pawn"]
[ECO "A40"]
[Time "16:06:05"]
[TimeControl "2700+45"]

1. d4 e6 2. Nf3 f5 3. Bf4 Nf6 4. Nbd2 Be7 5. e3 O-O 6. Bd3 d5 7. Qe2 Bd7 8. h4
c5 9. c3 Qb6 10. Nf1 c4 11. Bb1 Nc6 12. Ng3 a5 13. Ne5 Nxe5 14. Bxe5 Be8 15. h5
Rc8 16. f3 Bd6 17. Bxd6 Qxd6 18. f4 b5 19. a3 Rf7 20. Bc2 Rb7 21. h6 g6 22. O-O
Qe7 23. b3 Ng4 24. bxc4 Qh4 25. Rf3 bxc4 26. Bxf5 gxf5 27. Kf1 Rcb8 28. Qa2 Nh2+
{White resigns} 0-1

[Event "Team 45 45 League T34"]
[Site "Internet Chess Club"]
[Date "2007.08.26"]
[Round "6"]
[White "Thestorm"]
[Black "livis"]
[Result "1-0"]
[WhiteElo "2149"]
[BlackElo "1998"]
[Opening "Sicilian: accelerated fianchetto, Maróczy bind, 6.Be3"]
[ECO "B38"]
[Time "09:35:44"]
[TimeControl "2700+45"]

1. e4 c5 2. Nf3 g6 3. d4 Bg7 4. c4 cxd4 5. Nxd4 Nc6 6. Be3 Nf6 7. Nc3 O-O 8. Be2
Nxd4 9. Bxd4 d6 10. O-O Bd7 11. Rc1 Bc6 12. f3 a6 13. b4 h6 14. Qd2 Kh7 15. Nd5
e5 16. Bb6 Qd7 17. Nc3 Qe6 18. Rfd1 Ne8 19. a4 f5 20. a5 fxe4 21. Nxe4 Bxe4 22.
fxe4 Rf4 23. Qd3 Nf6 24. g3 Rxe4 25. Bf3 Rg4 26. Bxb7 Rf8 27. Qxd6 Qf5 28. Bxa6
Qg5 29. Qd2 Qf5 30. b5 Ne4 31. Qe3 Ng5 32. Rf1 Nf3+ 33. Rxf3 Qxf3 34. Qxf3 Rxf3
35. Bc8 Rg5 36. a6 e4 37. a7 Be5 38. Bf2 Ra3 39. Ba6 e3 40. Be1 Bd4 41. a8=Q e2+
42. Kg2 {Black resigns} 1-0

[Event "Team 45 45 League T34"]
[Site "Internet Chess Club"]
[Date "2007.08.26"]
[Round "6"]
[White "fileman"]
[Black "ETwoEFour"]
[Result "0-1"]
[WhiteElo "1872"]
[BlackElo "2091"]
[Opening "KGD: classical variation"]
[ECO "C30"]
[Time "08:09:25"]
[TimeControl "2700+45"]

1. e4 e5 2. f4 Bc5 3. Nf3 d6 4. Nc3 Nf6 5. Bc4 O-O 6. d3 c6 7. Qe2 b5 8. Bb3
Nbd7 9. Be3 exf4 10. Bxf4 a5 11. a4 b4 12. Nd1 d5 13. e5 Re8 14. d4 Ba6 15. Qd2
Ne4 16. Qe3 Ba7 17. Nf2 c5 18. dxc5 Ndxc5 19. Nd4 Nxb3 20. cxb3 f6 21. e6 Nc5
22. O-O-O Nxe6 23. Qxe6+ {White resigns} 0-1

[Event "Team 45 45 League T34"]
[Site "Internet Chess Club"]
[Date "2007.08.27"]
[Round "6"]
[White "NoiselessBear"]
[Black "Malcolm"]
[Result "1-0"]
[WhiteElo "1864"]
[BlackElo "1888"]
[Opening "Queen's bishop game"]
[ECO "D02"]
[Time "12:48:16"]
[TimeControl "2700+45"]

1. d4 Nf6 2. Nf3 d5 3. Bf4 c5 4. c3 Qb6 5. Qb3 Nc6 6. e3 c4 7. Qxb6 axb6 8. Na3
Bf5 9. Nb5 Ra5 10. a4 Na7 11. Nc7+ Kd8 12. Na8 Nd7 13. Bc7+ Kc8 14. Bxb6 Nxb6
15. Nxb6+ Kc7 16. Nxc4 dxc4 17. Bxc4 b5 18. Bxf7 Bd7 19. d5 Nc8 20. Nd4 Nd6 21.
Be6 g6 22. Bxd7 Kxd7 23. Nb3 Ra7 24. Nc5+ Kc8 25. Ke2 bxa4 26. Rxa4 Rxa4 27.
Nxa4 Bg7 28. Nc5 Bf6 29. Kd3 Kc7 30. Ra1 g5 31. b4 h5 32. Ra7+ Kb8 33. Ra6 Nf7
34. Nd7+ Kb7 35. Re6 Nd8 36. Nc5+ Kc7 37. Ra6 Nf7 38. Ra7+ Kb8 39. Ra6 Kc7 40.
f4 h4 41. c4 gxf4 42. exf4 Rg8 43. Ra7+ Kb8 44. Ra2 Rg4 45. Nd7+ Kb7 46. Nxf6
exf6 47. Ke3 Nd6 48. Kf3 f5 49. c5 Ne4 50. Rc2 Rg8 51. Ke3 Nf6 52. Kd4 Re8 53.
d6 Re4+ 54. Kd3 Rxb4 55. c6+ Kc8 56. Ra2 Ne4 57. Ra8+ Rb8 58. d7+ {Black
resigns} 1-0

[Event "Team 45 45 League T34"]
[Site "Internet Chess Club"]
[Date "2007.08.26"]
[Round "6"]
[White "LoseOften"]
[Black "HoHo"]
[Result "0-1"]
[WhiteElo "1817"]
[BlackElo "1870"]
[Opening "Sicilian: Najdorf, Polugayevsky variation"]
[ECO "B96"]
[Time "14:02:00"]
[TimeControl "2700+45"]

1. e4 c5 2. Nf3 d6 3. d4 cxd4 4. Nxd4 Nf6 5. Nc3 a6 6. Bg5 e6 7. f4 b5 8. e5
dxe5 9. fxe5 Qc7 10. exf6 Qe5+ 11. Qe2 Qxg5 12. Qe4 Ra7 13. Nc6 {White resigns}
0-1

[Event "Team 45 45 League T34"]
[Site "Internet Chess Club"]
[Date "2007.08.24"]
[Round "6"]
[White "ADIOKiddo4Ever"]
[Black "civilization"]
[Result "1-0"]
[WhiteElo "1415"]
[BlackElo "1485"]
[Opening "Sicilian defense"]
[ECO "B40"]
[Time "19:58:40"]
[TimeControl "2700+45"]

1. e4 c5 2. Nf3 e6 3. Bd3 d5 4. exd5 exd5 5. c3 Nf6 6. Bc2 Bd6 7. O-O O-O 8. d4
c4 9. Bg5 b5 10. a3 a5 11. Nbd2 Nc6 12. Re1 Bb7 13. Nf1 b4 14. Ne3 Be7 15. Nf5
Re8 16. Ne5 b3 17. Bb1 a4 18. Qf3 Nxe5 19. dxe5 Nd7 20. Nxe7+ Rxe7 21. Bxe7 Qxe7
22. Bf5 Nxe5 23. Qh5 g6 24. Bxg6 fxg6 25. Qxe5 Qxe5 26. Rxe5 Rf8 27. Rae1 Bc6
28. Re6 Ba8 29. Ra6 Bb7 30. Rxa4 Rd8 31. Ra7 Bc6 32. Rc7 Be8 33. f3 Bf7 34. Ree7
d4 35. cxd4 Rxd4 36. Rxf7 h5 37. Rg7+ Kf8 38. Rgd7 Rxd7 39. Rxd7 c3 40. bxc3 b2
41. Rb7 {Black resigns} 1-0

[Event "Team 45 45 League T34"]
[Site "Internet Chess Club"]
[Date "2007.08.26"]
[Round "6"]
[White "g8wrb"]
[Black "johnpawn"]
[Result "1-0"]
[WhiteElo "1532"]
[BlackElo "1265"]
[Opening "Caro-Kann: classical variation"]
[ECO "B18"]
[Time "10:02:58"]
[TimeControl "2700+45"]

1. e4 c6 2. d4 d5 3. Nc3 dxe4 4. Nxe4 Bf5 5. Qd3 e6 6. Nf3 Nf6 7. Nxf6+ Qxf6 8.
Qc3 h6 9. Bc4 Bd6 10. O-O O-O 11. Re1 Nd7 12. Bd3 Bxd3 13. Qxd3 Nb6 14. Bd2 c5
15. Be3 Rac8 16. Qe4 Nd5 17. dxc5 Bxc5 18. Bxc5 Rxc5 19. Ne5 Qe7 20. c4 Nf6 21.
Qe3 Rd8 22. Rad1 Rxd1 23. Rxd1 b6 24. h3 b5 25. cxb5 Nd5 26. Qe2 Qg5 27. Nf3 Qf6
28. a4 Qd8 29. Qd2 Qc7 30. Nd4 a6 31. bxa6 Qa5 32. Qxa5 Rxa5 33. b3 Rxa6 34. Rc1
Kf8 35. Kf1 Rb6 36. Nb5 Nb4 37. Ke2 Rc6 38. Rxc6 Nxc6 39. Kd3 Ke7 40. Kc4 f5 41.
b4 Nxb4 42. Kxb4 Kd7 43. a5 Kc8 44. Nd6+ Kb8 45. Kb5 e5 46. Nxf5 {Black resigns}
1-0

[Event "Team 45 45 League T34"]
[Site "Internet Chess Club"]
[Date "2007.08.24"]
[Round "6"]
[White "reverendjim"]
[Black "archae13"]
[Result "1-0"]
[WhiteElo "1290"]
[BlackElo "1264"]
[Opening "Pirc: classical system, 5.Be2"]
[ECO "B08"]
[Time "22:59:43"]
[TimeControl "2700+45"]

1. e4 d6 2. d4 Nf6 3. Nc3 g6 4. Nf3 Bg7 5. Be2 O-O 6. O-O Bg4 7. Be3 Nbd7 8. Qd2
Re8 9. a4 e5 10. dxe5 Nxe5 11. Nxe5 Rxe5 12. Bxg4 Nxg4 13. Bd4 Rh5 14. h3 Be5
15. Bxe5 Nxe5 16. Nd5 Qh4 17. Qf4 Qxf4 18. Nxf4 Rg5 19. Nd5 Nf3+ 20. Kh1 Nh4 21.
Rg1 Kg7 22. c4 c6 23. Ne3 Re8 24. f3 Nf5 25. Nxf5+ gxf5 26. Rae1 f4 27. Rd1 Rd8
28. b4 Kf6 29. Kh2 Ke6 30. g3 Ke5 31. gxf4+ Kxf4 32. Rxg5 Kxg5 33. Rg1+ Kf4 34.
Rg3 d5 35. cxd5 cxd5 36. Kg2 d4 37. Kf2 d3 38. Rg4+ Ke5 39. Ke1 f5 40. exf5 Kxf5
41. Kd2 Rd6 42. Rg7 Kf4 43. Rxb7 Kxf3 44. Rxa7 Ke4 45. Rxh7 Rc6 46. Re7+ Kd4 47.
Rd7+ Ke4 48. Rxd3 Rc4 49. Rb3 Rc8 50. Rc3 Rg8 51. Rc4+ Kd5 52. Rc5+ Kd4 53. a5
Rb8 54. a6 Rxb4 55. Ra5 Rb2+ 56. Kc1 Rh2 57. a7 Rh1+ 58. Kd2 Rh2+ 59. Ke1 Ke3
60. a8=Q Re2+ 61. Kd1 Rd2+ 62. Kc1 {Black resigns} 1-0

[Event "Team 45 45 League T34"]
[Site "Internet Chess Club"]
[Date "2007.08.24"]
[Round "6"]
[White "rpgrossman"]
[Black "cobbler"]
[Result "1-0"]
[WhiteElo "1098"]
[BlackElo "1157"]
[Opening "Queen's Indian: old main line, 6.O-O"]
[ECO "E17"]
[Time "16:05:59"]
[TimeControl "2700+45"]

1. Nf3 e6 2. c4 b6 3. g3 Nf6 4. Bg2 Bb7 5. O-O Be7 6. d4 d5 7. cxd5 Bxd5 8. Nc3
Bb7 9. Bf4 O-O 10. Nb5 Nd5 11. Rc1 c6 12. Nc3 Nxf4 13. gxf4 Qc7 14. e3 Nd7 15.
Ne4 c5 16. Ng3 Rad8 17. Qc2 h6 18. b4 Qc8 19. Ne5 Bxg2 20. Nxd7 Rxd7 21. Kxg2
Rc7 22. Ne4 cxd4 23. Qxc7 Qa8 24. Qxe7 Qxe4+ 25. f3 Qxe3 26. Qc7 d3 27. Qe5 Qd2+
28. Kg3 Rd8 29. Rfd1 Qxb4 30. Qe4 Qa3 31. Qc4 d2 32. Rc2 Rd3 33. Qe4 Re3 34.
Qa8+ Kh7 35. Rdxd2 Rxf3+ 36. Qxf3 {Black resigns} 1-0

[Event "Team 45 45 League T34"]
[Site "Internet Chess Club"]
[Date "2007.08.22"]
[Round "6"]
[White "littleboo"]
[Black "Just-Jim"]
[Result "1-0"]
[WhiteElo "1388"]
[BlackElo "1361"]
[Opening "Three knights game"]
[ECO "C46"]
[Time "13:20:45"]
[TimeControl "2700+45"]

1. e4 e5 2. Nf3 Nc6 3. Nc3 Bc5 4. Bc4 h6 5. d3 d6 6. Be3 Bb4 7. O-O Bxc3 8. bxc3
Nge7 9. d4 O-O 10. Qd3 Na5 11. dxe5 dxe5 12. Nxe5 Nxc4 13. Qxc4 Be6 14. Qb5 b6
15. Rfd1 Qc8 16. h3 f6 17. Nc6 Ng6 18. Bd4 Kh8 19. f3 Bd7 20. Qd5 Nf4 21. Qc4
Be6 22. Qa4 Qe8 23. e5 Qg6 24. Rd2 Bxh3 25. exf6 gxf6 26. g4 Bxg4 27. fxg4 Qxg4+
28. Kf2 Nh3+ 29. Ke3 Rae8+ 30. Kd3 Nf4+ 31. Kc4 Qe6+ 32. Kb4 Qd6+ 33. Kb3 Re6
34. Bxf6+ Rfxf6 35. Rxd6 Rxd6 36. Ne5 Rde6 37. Qxa7 Nd5 38. Qa8+ Kg7 39. Qxd5
Rd6 40. Rg1+ Kf8 41. Qg8+ Ke7 42. Rg7+ {Black resigns} 1-0

[Event "Team 45 45 League T34"]
[Site "Internet Chess Club"]
[Date "2007.08.27"]
[Round "6"]
[White "klt713"]
[Black "JimGaming"]
[Result "1-0"]
[WhiteElo "1296"]
[BlackElo "1183"]
[Opening "QGD semi-Slav"]
[ECO "D43"]
[Time "14:00:53"]
[TimeControl "2700+45"]

1. d4 d5 2. c4 e6 3. Nc3 c6 4. Nf3 Nf6 5. Bg5 h6 6. Bh4 g5 7. Bg3 Nbd7 8. e3 Ne4
9. Nxe4 dxe4 10. Ne5 Bb4+ 11. Ke2 Nxe5 12. Bxe5 f6 13. Bg3 h5 14. h3 b6 15. Qa4
a5 16. Qxc6+ Bd7 17. Qxe4 f5 18. Qe5 Rg8 19. Kd3 Be7 20. Be2 Bf6 21. Bxh5+ Ke7
22. Qd6# {Black checkmated} 1-0

[Event "Team 45 45 League T34"]
[Site "Internet Chess Club"]
[Date "2007.08.25"]
[Round "6"]
[White "Tom45"]
[Black "fuzzface"]
[Result "0-1"]
[WhiteElo "1228"]
[BlackElo "1306"]
[Opening "Four knights: Italian variation"]
[ECO "C47"]
[Time "12:53:21"]
[TimeControl "2700+45"]

1. e4 e5 2. Nf3 Nc6 3. Nc3 Nf6 4. Bc4 h6 5. O-O Bb4 6. a3 Bxc3 7. dxc3 Nxe4 8.
Be3 d6 9. h3 a6 10. Qd5 Be6 11. Qxe4 d5 12. Qd3 dxc4 13. Qxd8+ Rxd8 14. Bb6 Rd7
15. Rfe1 f6 16. Rad1 cxb6 17. b4 Rxd1 18. Rxd1 Ke7 19. g4 Rd8 20. Rxd8 Nxd8 21.
Nd2 Bd5 22. f3 Ne6 23. Kf2 Nf4 24. h4 Bc6 25. Nxc4 b5 26. Nd2 Nd5 27. Ne4 b6 28.
Ke2 Nf4+ 29. Kf2 Bxe4 30. fxe4 Ke6 31. Ke3 Ng2+ 32. Kd3 Nxh4 33. c4 g6 34. cxb5
axb5 35. c4 h5 36. gxh5 gxh5 37. c5 bxc5 38. bxc5 Kd7 39. Kc3 Kc6 40. Kb4 Nf3
{White resigns} 0-1

[Event "Team 45 45 League T34"]
[Site "Internet Chess Club"]
[Date "2007.08.24"]
[Round "6"]
[White "ffplayer"]
[Black "tmac63"]
[Result "1-0"]
[WhiteElo "1290"]
[BlackElo "1073"]
[Opening "Old Indian defense"]
[ECO "A53"]
[Time "22:03:28"]
[TimeControl "2700+45"]

1. d4 Nf6 2. c4 d6 3. Nc3 e6 4. Bg5 Be7 5. Nf3 O-O 6. e4 h6 7. Bh4 c5 8. d5 exd5
9. exd5 Bg4 10. Be2 Nbd7 11. O-O a6 12. Bg3 Qb8 13. b3 Bd8 14. Re1 Ba5 15. Rc1
b5 16. Rf1 bxc4 17. bxc4 Nb6 18. Na4 Qb7 19. Nxb6 Qxb6 20. Rb1 Bb4 21. a3 a5 22.
axb4 axb4 23. h3 Bf5 24. Rb2 Qb7 25. Bxd6 Rac8 26. Bxf8 Kxf8 27. Bd3 Ne4 28. Re1
Re8 29. Qc2 Qa6 30. Bxe4 g6 31. Bxf5 gxf5 32. Rxe8+ Kxe8 33. Qb3 Qa1+ 34. Rb1
Qa3 35. Qxa3 bxa3 36. Ra1 Ke7 37. Rxa3 f6 38. Ra6 h5 39. Nh4 Kd7 40. Nxf5 Kc7
41. Rxf6 Kd7 42. Re6 Kc7 43. g4 hxg4 44. hxg4 {Black resigns} 1-0

[Event "Team 45 45 League T34"]
[Site "Internet Chess Club"]
[Date "2007.08.26"]
[Round "6"]
[White "kinchknifeblade"]
[Black "Conjurer"]
[Result "1-0"]
[WhiteElo "1237"]
[BlackElo "1250"]
[Opening "Nimzo-Indian: three knights variation"]
[ECO "E21"]
[Time "19:03:52"]
[TimeControl "2700+45"]

1. c4 Nf6 2. d4 e6 3. Nc3 Bb4 4. Nf3 Bxc3+ 5. bxc3 b6 6. Bg5 O-O 7. e3 Bb7 8.
Be2 h6 9. Bh4 d6 10. h3 Nbd7 11. O-O Qe8 12. Nd2 Rb8 13. Rb1 c5 14. Rb2 Ne4 15.
Nxe4 Bxe4 16. Bg3 e5 17. Qd2 Rb7 18. f3 Bg6 19. Bd3 f6 20. Rfb1 Qf7 21. Bxg6
Qxg6 22. Bh2 f5 23. dxe5 dxe5 24. Qd5+ Kh8 25. Qxb7 Rf7 26. Qd5 Nf6 27. Qd8+ Kh7
28. Bxe5 Rd7 29. Bxf6 Rxd8 30. Bxd8 Qd6 31. Bh4 Qd3 32. Bf2 Qxc3 33. e4 fxe4 34.
fxe4 Qxc4 35. Re1 Qc3 36. Rbe2 Qe5 37. Rd2 Qc3 38. Rd6 Qe5 39. Rd5 Qe6 40. Bg3
a5 41. a4 Kg6 42. Rf5 c4 43. h4 c3 44. h5+ Kh7 45. Rf2 Qc4 46. Rc2 Qd3 47. Rcc1
Qxg3 48. e5 Qg5 49. e6 Qe7 50. Rxc3 g5 51. Rf3 Kg7 52. Rf7+ Qxf7 53. exf7 Kxf7
54. Rf1+ Ke6 55. Rc1 Kd5 56. g4 Kd6 57. Kf2 Kd5 58. Ke3 Kd6 59. Ke4 Ke6 60. Rc6+
Kd7 61. Rxh6 b5 62. axb5 a4 63. Ra6 {Black resigns} 1-0

[Event "Team 45 45 League T34"]
[Site "Internet Chess Club"]
[Date "2007.08.25"]
[Round "6"]
[White "Traho"]
[Black "knight2f3"]
[Result "0-1"]
[WhiteElo "1270"]
[BlackElo "1279"]
[Opening "Sicilian: Smith-Morra gambit"]
[ECO "B21"]
[Time "09:01:05"]
[TimeControl "2700+45"]

1. e4 c5 2. d4 cxd4 3. c3 d6 4. cxd4 Nf6 5. Nc3 a6 6. Nf3 Nc6 7. h3 e6 8. Bg5
Be7 9. e5 Nd7 10. Bxe7 Qxe7 11. Qe2 O-O 12. Qe3 f6 13. exd6 Qxd6 14. Bc4 Nb6 15.
Bb3 Rd8 16. O-O-O Na5 17. Na4 Qc7+ 18. Kb1 Nxb3 19. Qxb3 Nd5 20. Rc1 Qf4 21. Qd1
e5 22. Qd2 Qe4+ 23. Qc2 Qxc2+ 24. Kxc2 exd4 25. Rcd1 Bf5+ 26. Kd2 Nb4 27. Nc5 b6
28. Nb3 d3 29. a3 Nc6 30. Rhe1 Rd5 31. Nc1 Rad8 32. Nh4 Nd4 33. Nxf5 Nxf5 34.
Re6 Nh4 35. Rg1 Rb5 36. Nxd3 Rxb2+ 37. Ke3 Rb3 38. Rd1 Nxg2+ 39. Ke2 Rbxd3 40.
Rxd3 Nf4+ 41. Kf3 Nxe6 42. Rb3 Nd4+ {White resigns} 0-1